 Dungeon Crawl Stone Soup version 0.14-a0-1168-gf5005bf (webtiles) character file.

153 PolkaDot the Gusty (level 3, -7/24 HPs)
             Began as a Vampire Air Elementalist on Nov 29, 2013.
             Mangled by a gnoll
             ... wielding a +2,+2 whip
              (8 damage)
             ... on Level 3 of the Dungeon.
             The game lasted 00:05:41 (1342 turns).

PolkaDot the Gusty (Vampire Air Elementalist)       Turns: 1342, Time: 00:05:41

HP  -7/24        AC  3     Str  7      XL: 3   Next: 60%
MP   1/7         EV 12     Int 18      God:
Gold 101         SH  0     Dex 14      Spells:  3 memorised,  1 level left

rFire  . . .     SeeInvis +     f - -3,-2 whip (curse)
rCold  . . .     Clarity  .     a - +0 robe
rNeg   . . .     Conserve .     (no shield)
rPois  .         rCorr    .     (no helmet)
rElec  .         rRot     .     c - +0 cloak
SustAb . .       Spirit   .     (no gloves)
rMut   .         Warding  .     (no boots)
Saprov . . .     Stasis   .     (no amulet)
                                (no ring)
                                (no ring)

@: regenerating quickly, very slightly contaminated, slightly resistant to
hostile enchantments, stealthy
A: fangs 3, see invisible, unbreathing
a: no special abilities


You were on level 3 of the Dungeon.
You were very full.

You visited 1 branch of the dungeon, and saw 3 of its levels.

You collected 101 gold pieces.

Inventory:

Hand weapons
 d - a +0,+1 dagger
 f - a cursed -3,-2 whip (weapon)
Armour
 a - a +0 robe (worn)
 c - a +0 cloak (worn)
Scrolls
 e - 2 scrolls of identify
 i - a scroll of teleportation
Potions
 g - 2 potions of curing
 h - a potion of poison {unknown}
Books
 b - a book of Air

   Spells                             Type                      Level
   *Shock                             Conjuration/Air              1
   *Swiftness                         Charms/Air                   2
   Repel Missiles                     Charms/Air                   2
   *Flight                            Charms/Air                   3
   Static Discharge                   Conjuration/Air              3
   Lightning Bolt                     Conjuration/Air              5


   Skills:
 - Level 2.1 Dodging
 - Level 3.0 Stealth
 * Level 2.5 Spellcasting
 - Level 1.0 Conjurations
 + Level 0.7 Charms
 + Level 3.4 Air Magic


You had one spell level left.
You knew the following spells:

 Your Spells              Type           Power        Failure   Level  Hunger
a - Shock                 Conj/Air       ##..         10%         1    #......
F - Flight                Chrm/Air       #.........   24%         3    ###....
S - Swiftness             Chrm/Air       #.......     12%         2    ##.....


Dungeon Overview and Level Annotations

Branches:
Dungeon (3/16)

Altars:
Sif Muna
Zin


Innate Abilities, Weirdness & Mutations

Your natural rate of healing is unusually fast.
You have razor-sharp teeth.*
You have supernaturally acute eyesight.
You can survive without breathing.*


Message History

Confirm with . or Enter, or press ? or * to list all spells.
Aiming: Shock
Press: ? - help, Shift-Dir - straight line, f/p - gnoll
Aim: a gnoll, wielding a whip (almost dead)
You miscast Shock.
You are very lightly contaminated with residual magic.
Nothing appears to happen.
* * * LOW MAGIC WARNING * * *
The gnoll hits you with a whip!
You hit the gnoll but do no damage.
The gnoll is almost dead.
The gnoll barely misses you. The gnoll closely misses you.
You barely miss the gnoll.
The gnoll is almost dead.
The gnoll hits you with a club!
* * * LOW HITPOINT WARNING * * *
The gnoll hits you with a whip.
* * * LOW HITPOINT WARNING * * *
The gnoll barely misses you. The gnoll hits you with a whip!
You die...

..............#
#..###..###..# #
#..#....# .###..###..#
...........# #
.#.#..###..# #.
#.#..#....#
..###..###..###gg#
....[...........@#####
.########..###..)....#
.......+.......+
#########....<..#
#.......# #########


You could see 2 gnolls.

Vanquished Creatures
  A gnoll (D:3)
  2 giant geckos
  An ooze (D:1)
  A giant cockroach (D:1)
  5 goblins
  4 hobgoblins
  2 jackals (D:2)
  6 kobolds (D:1)
  2 quokkas (D:2)
  5 bats
  A giant newt (D:2)
  6 rats
36 creatures vanquished.

Notes
Turn   | Place    | Note
--------------------------------------------------------------
     0 | D:1      | PolkaDot, the Vampire Air Elementalist, began the quest for the Orb.
     0 | D:1      | Reached XP level 1. HP: 13/13 MP: 4/4
   153 | D:1      | Reached XP level 2. HP: 11/19 MP: 2/5
   408 | D:1      | Reached skill level 1 in Conjurations
   432 | D:1      | Learned a level 2 spell: Swiftness
   686 | D:2      | Found a deep blue altar of Sif Muna.
   845 | D:2      | Found a glowing silver altar of Zin.
   879 | D:2      | Reached XP level 3. HP: 24/24 MP: 7/7
  1010 | D:2      | Learned a level 3 spell: Flight
  1341 | D:3      | HP: 1/24 [gnoll/whip (2)]
  1342 | D:3      | Mangled by a gnoll

Action                   || total
-------------------------++-------
Melee: Dagger            ||    12
       Unarmed           ||     7
       Whip              ||   139
 Cast: Shock             ||    21
  Use: Scroll            ||     4
       Potion            ||     2
 Stab: Sleeping          ||     2
